 Dungeon Crawl Stone Soup version 0.25-a0-785-gb22c70e859 (webtiles) character file.

Game seed: 8917874694986081798, levelgen mode: deterministic

218 DildoBatman the Conjurer (level 6, -7/41 HPs)
             Began as a Formicid Wizard on Apr 17, 2020.
             Killed by miscasting Mephitic Cloud (15 damage)
             ... on level 3 of the Dungeon.
             The game lasted 00:09:22 (3597 turns).

DildoBatman the Conjurer (Formicid Wizard)          Turns: 3597, Time: 00:09:23

Health: -7/41      AC:  6    Str: 11    XL:     6   Next: 17%
Magic:  5/10       EV: 11    Int: 20    God:
Gold:   116        SH:  0    Dex:  9    Spells: 4/11 levels left

rFire    . . .     SeeInvis +   b - -1 mace (curse)
rCold    . . .     Gourm    .   (no shield)
rNeg     . . .     Faith    .   j - +3 leather armour
rPois    .         Spirit   .   (helmet unavailable)
rElec    .         Reflect  .   (no cloak)
rCorr    .         Harm     .   (no gloves)
MR       .....                  (no boots)
Stlth    ++........             (no amulet)
HPRegen  0.13/turn              (no ring)
MPRegen  0.12/turn              (no ring)

@: lethally poisoned (-7 -> -11), very slightly contaminated
A: permanent stasis, dig shafts and tunnels, four strong arms, antennae 3
a: Dig, Shaft Self


You were on level 3 of the Dungeon.
You were not hungry.

You visited 1 branch of the dungeon, and saw 4 of its levels.

You collected 116 gold pieces.

Inventory:

Hand Weapons
 b - a cursed -1 mace (weapon)
 f - a +2 dagger of venom
 m - a +0 hunting sling
Missiles
 a - 17 poisoned darts
 c - 137 stones (quivered)
 p - 3 atropa-tipped darts
 t - 3 javelins
 w - 27 arrows
Armour
 j - a +3 leather armour (worn)
Jewellery
 q - a cursed +3 ring of intelligence
Scrolls
 h - a scroll of immolation
 o - a scroll of enchant weapon
 s - a scroll of fog
 u - a scroll of enchant armour
 z - a scroll of identify
Potions
 d - 2 potions of brilliance
 e - a potion of heal wounds
 i - a potion of might {unknown}
 k - a potion of berserk rage {unknown}
 l - a potion of stabbing {unknown}
 n - a potion of curing {unknown}
Comestibles
 r - 2 chunks of flesh
 v - 7 rations


   Skills:
 - Level 1.7 Dodging
 - Level 2.4 Stealth
 - Level 3.2 Spellcasting
 * Level 5.1 Conjurations
   Level 1.0 Summonings
   Level 0.8 Translocations


You had 4 spell levels left.
You knew the following spells:

 Your Spells              Type           Power        Failure   Level  Hunger
a - Conjure Flame         Conj/Fire      ##......     19%         3    ###....
c - Magic Dart            Conj           ###.         2%          1    None
e - Mephitic Cloud        Conj/Pois/Air  ##......     26%         3    ###....

Your spell library contained the following spells:

 Spells                   Type           Power        Failure   Level  Hunger
 Call Imp                 Summ           #.......     19%         2    ##.....
 Slow                     Hex            #.......     28%         2    ##.....
 Blink                    Tloc           Unusable     N/A         2    N/A

Dungeon Overview and Level Annotations

Branches:
Dungeon (4/15)
 Temple: D:4-7

Altars:
Elyvilon
Hepliaklqana

Annotations:
D:2 Grinder, Natasha
D:3 1 exclusion


Innate Abilities, Weirdness & Mutations

You cannot be hasted, slowed, berserked, paralysed or teleported.
You can dig through walls and to a lower floor.
Your four strong arms can wield two-handed weapons with a shield.
You have a pair of large antennae on your head. (SInv)


Message History

The scorpion is engulfed in noxious fumes.
The scorpion appears confused.
The scorpion stings you.
The scorpion is engulfed in noxious fumes.
The scorpion appears confused.
You feel less confused.
The scorpion is engulfed in noxious fumes.
The scorpion appears confused.
You extend your mandibles.
You dig through the rock wall.
You retract your mandibles.
Casting: Mephitic Cloud (slightly dangerous; 26% risk of failure)
Confirm with . or Enter, or press ? or * to list all spells.
Aiming: Mephitic Cloud (slightly dangerous; 26% risk of failure)
Press: ? - help, Shift-Dir - straight line, p - scorpion You miscast Mephitic Cloud.
You are very lightly contaminated with residual magic.
You feel incredibly sick!
You are poisoned.
You die...

....).............##...###...##..
.##.#..#.####.#..###.#.#.#.#.###.
.##.#.##.####....###...#.#...###.
.##.#..........^....###...###....
.##.#.##.####.##..#.#.#.#.#[#.#..
.##.#.#..#..........##.#.#.##.÷..
.##........s.....###..#.#.#..###.
....#......)...<.#...#.#.#.#...#.
.##..........###@###..#)#.#..###.
.........#.#.# #....##.#.#.##.÷[.
.##.###.##.#.# #..#.#.#.#.#.#.#..
)##.# #.##.#.# #....###...###....
.##.###.##.#.# #.###...#.#...###.
...÷.....#.#.###.###.#.#.#.#.###.
....#.#..#........##...###...##..
.#...##..##..>##................#
.#..###..........#.############..


You could see a scorpion (confused).

Vanquished Creatures
  An orc priest (D:3)
  An orc wizard (D:3)
  A worker ant (D:4)
  3 adders
  An ooze (D:2)
  A worm (D:2)
  3 dart slugs
  4 leopard geckos
  18 orcs
  4 ball pythons
  13 bats
  3 giant cockroaches (D:3)
  6 goblins
  6 hobgoblins
  4 frilled lizards
  4 kobolds
  7 rats
80 creatures vanquished.

Notes
Turn   | Place    | Note
-------+----------+-------------------------------------------
     0 | D:1      | DildoBatman the Formicid Wizard began the quest for the
                  | Orb.
     0 | D:1      | Reached XP level 1. HP: 13/13 MP: 4/4
    46 | D:1      | Reached skill level 1 in Conjurations
   181 | D:1      | Reached XP level 2. HP: 19/19 MP: 1/6
   488 | D:1      | Reached skill level 2 in Conjurations
   914 | D:2      | Reached XP level 3. HP: 10/24 MP: 0/7
   919 | D:2      | Learned a level 3 spell: Conjure Flame
   923 | D:2      | Learned a level 3 spell: Mephitic Cloud
  1276 | D:2      | Found a white marble altar of Elyvilon.
  1816 | D:3      | Reached skill level 3 in Conjurations
  1993 | D:3      | Reached XP level 4. HP: 12/30 MP: 0/8
  2261 | D:3      | Reached skill level 4 in Conjurations
  2261 | D:3      | Reached XP level 5. HP: 24/35 MP: 0/9
  2486 | D:3      | Noticed Natasha
  3094 | D:3      | Reached XP level 6. HP: 41/41 MP: 5/10
  3251 | D:4      | Noticed Grinder
  3390 | D:3      | Reached skill level 5 in Conjurations
  3422 | D:4      | Found a hazy altar of Hepliaklqana.
  3597 | D:3      | Killed by miscasting Mephitic Cloud

Levels and vault maps discovered:
D:1:      minmay_arrival_open_corners, layout_basic
D:2:      layout_basic, elyvilon_altar_5
D:3:      layout_loops_ring, minmay_starry_boxes, uniq_natasha
D:4:      minmay_wonky_spiral, layout_basic, lemuel_doored_altar,
          lemuel_crystal_altar, minmay_temple_entry_statues_fountains,
          first_ration, serial_glass, glass_columns_c, glass_columns_a,
          hangedman_abyss_or_decor_stagger, uniq_eustachio, uniq_grinder

Skill      XL: |  1  2  3  4  5  6 |
---------------+-------------------+-----
Conjurations   | 1 2 3 4 5 |  5.1
Dodging        | |  1.7
Stealth        | |  2.4
Spellcasting   | |  3.2
Summonings     | |  1.0
Translocations | |  0.8

Action                   |  1- 3 |  4- 6 || total
-------------------------+-------+-------++-------
Melee: Mace              |    30 |    60 ||    90
Throw: Stone             |     1 |       ||     1
 Cast: Magic Dart        |    89 |   119 ||   208
       Mephitic Cloud    |       |     3 ||     3
 Abil: Dig               |       |     6 ||     6
  Use: Scroll            |     3 |     2 ||     5
       Potion            |       |     3 ||     3
  Eat: Chunk             |     3 |     6 ||     9
Armor: Robe              |     6 |       ||     6
       Leather armour    |     1 |    42 ||    43
Dodge: Dodged            |    24 |    68 ||    92

Table legend:
 A = Non-vault XP
 B = Vault XP
 C = Vault XP percentage of total XP
 D = Non-vault monster count
 E = Vault monster count
 F = Vault count percentage of total count
                 A         B        C        D         E       F
            +---------+---------+-------+---------+---------+-------
      Total |     303 |       9 |   2.9 |      74 |       6 |   7.5
            +---------+---------+-------+---------+---------+-------
        D:1 |      23 |       0 |   0.0 |      13 |       0 |   0.0
        D:2 |      48 |       0 |   0.0 |      15 |       0 |   0.0
        D:3 |     197 |       9 |   4.4 |      44 |       6 |  12.0
        D:4 |      35 |       0 |   0.0 |       2 |       0 |   0.0
            +---------+---------+-------+---------+---------+-------
